Selects Airborne Battlegroup
Construct Weapon Support Center
Mechanized Support Center
M3 75 mm Gun Motor Carriage
Selects Paratrooper Squad Paradrop
Paratrooper Squad Paradrop
Paratrooper Squad Paradrop
Selects Smoke Bombing Run
Selects Anti-tank Gun Team Paradrop
Designate Forward Repair Station
Paratrooper Squad Paradrop
Anti-tank Gun Team Paradrop
Construct Medical Station
Selects Paradrop Reinforcements
M4(105) Sherman Bulldozer
Anti-tank Gun Team Paradrop
Selects Carpet Bombing Run
M4A1(76) Sherman Medium Tank
M4A1(76) Sherman Medium Tank